 Dungeon Crawl Stone Soup version 0.26-b1-32-g5d43845318 (webtiles) character file.

Game seed: 5809682958429229572

8554 EnegeticOcto the Cleaver (level 11, 73/100 HPs)
             Began as a Deep Dwarf Fighter on Jan 11, 2021.
             Was a Believer of Makhleb.
             Quit the game on level 11 of the Dungeon.
             The game lasted 00:05:29 (7644 turns).

EnegeticOcto the Cleaver (Deep Dwarf Fighter)       Turns: 7644, Time: 00:05:29

Health: 73/100     AC: 24    Str: 22    XL:     11   Next: 11%
Magic:  5/5        EV:  3    Int: 10    God:    Makhleb [**....]
Gold:   490        SH: 17    Dex: 12    Spells: 10/10 levels left

rFire    . . .     SeeInvis +   a - +1 war axe
rCold    . . .     Faith    .   w - +0 tower shield
rNeg     . . .     Spirit   .   k - +0 plate armour
rPois    .         Reflect  .   f - +0 helmet
rElec    .         Harm     .   A - +1 cloak
rCorr    +         Rampage  .   g - +2 pair of gloves
Will     +....                  B - +2 pair of boots
Stlth    ..........             (no amulet)
HPRegen  0.00/turn              x - ring of see invisible
MPRegen  0.09/turn              y - ring of resist corrosion

@: non-regenerating
A: damage resistance, heal wounds, sense surroundings 2, no regeneration
a: Heal Wounds, Renounce Religion, Minor Destruction


You were on level 11 of the Dungeon.
You worshipped Makhleb.
Makhleb was pleased with you.
You visited 2 branches of the dungeon, and saw 12 of its levels.

You collected 662 gold pieces.
You spent 172 gold pieces at shops.

Inventory:

Hand Weapons
 a - a +1 war axe (weapon)
Armour
 c - a +0 kite shield
 f - a +0 helmet (worn)
 g - a +2 pair of gloves (worn)
 k - a +0 plate armour (worn)
 w - a +0 tower shield (worn)
 A - a +1 cloak (worn)
 B - a +2 pair of boots (worn)
Jewellery
 e - an uncursed ring of positive energy
 q - an uncursed ring of protection from fire
 t - the ring "Dafoenum" {rN+ Str+3 Dex-5}
   (You took it off an orc on level 8 of the Dungeon)

   [ring of positive energy]

   It affects your strength (+3).
   It affects your dexterity (-5).
   It protects you from negative energy.
 x - a ring of see invisible (left hand)
 y - a ring of resist corrosion (right hand)
Wands
 i - a wand of digging (9) {@v3}
 D - a wand of paralysis (5)
Scrolls
 l - 6 scrolls of remove curse {@r2}
 n - 15 scrolls of teleportation {@r3}
 o - 4 scrolls of fear
 s - 2 scrolls of blinking {@r4}
 C - a scroll of vulnerability
 E - 3 scrolls of magic mapping {@r5}
 F - a scroll of fog
Potions
 b - a potion of mutation
 d - 2 potions of might {@q3}
 h - 5 potions of attraction
 j - a potion of brilliance
 m - 2 potions of invisibility
 p - a potion of heal wounds {@q2}
 r - 2 potions of resistance {@q5}
 u - 3 potions of lignification
 v - 2 potions of curing {@q1}
 z - a potion of magic {unknown}
 H - a potion of cancellation {unknown}


   Skills:
 + Level 7.2 Fighting
 * Level 11.3 Axes
 + Level 8.7 Armour
 + Level 8.6 Shields
 * Level 7.7 Invocations


You had 10 spell levels left.
You didn't know any spells.
Your spell library was empty.

Dungeon Overview and Level Annotations

Branches:
Dungeon (11/15)            Temple (1/1) D:6            Lair (0/6) D:10
    Orc: D:9-12

Altars:
Ashenzari
Cheibriados
Dithmenos
Elyvilon
Fedhas
Gozag
Hepliaklqana
Kikubaaqudgha
Makhleb
Nemelex Xobeh
Okawaru
Qazlal
Ru
Sif Muna
Trog
Uskayaw
Vehumet
Wu Jian
Xom
Yredelemnul
Zin
The Shining One

Shops:
D:5 [   D:7 =

Annotations:
D:7 1 exclusion
D:11 exclusion: ice statue


Innate Abilities, Weirdness & Mutations

You are resistant to damage.
You can heal yourself by infusing magical energy.
You passively map the area around you.
You do not regenerate.


Message History

You block the wraith's attack.
You hit the boulder beetle but do no damage.
The boulder beetle is lightly wounded.
You hit the soldier ant. You slash the wraith!
The soldier ant stings you but does no damage.
You block the boulder beetle's attack. You block the wraith's attack.
You hit the wraith.
The wraith is moderately damaged.
You hit the boulder beetle. You closely miss the soldier ant.
You block the soldier ant's attack. The boulder beetle bites you.
The wraith hits you but does no damage.
You closely miss the wraith.
The wraith is moderately damaged.
You hit the boulder beetle but do no damage.
You slash the soldier ant!
The soldier ant stings you but does no damage.
The boulder beetle barely misses you. The wraith hits you.
You block the soldier ant's attack.
You slash the soldier ant!
You kill the soldier ant!
Makhleb accepts your kill.
You feel better.
Your shield and plate armour prevent you from hitting the boulder beetle.
You closely miss the wraith. The boulder beetle bites you!
You block the wraith's attack. The boulder beetle bites you.
You hit the wraith.
The wraith is heavily damaged.
You hit the boulder beetle but do no damage.
You block the wraith's attack. You block the boulder beetle's attack.
You hit the wraith but do no damage.
The wraith is heavily damaged.
You hit the boulder beetle but do no damage.
You block the wraith's attack.
The boulder beetle leaps!
You barely miss the wraith.
The wraith is heavily damaged.
You block the wraith's attack.
You hit the wraith but do no damage.
The wraith is heavily damaged.
You block the wraith's attack.
The boulder beetle curls into a ball and begins rolling!
You hit the wraith.
The wraith is heavily damaged.
You block the wraith's attack. The wraith hits you but does no damage.
You hit the wraith but do no damage.
The wraith is heavily damaged.
You block the boulder beetle's attack.
The boulder beetle stops rolling and uncurls.
The wraith hits you but does no damage.
There are monsters nearby!
There are monsters nearby!
There are monsters nearby!
There are monsters nearby!
There are monsters nearby!
There are monsters nearby!
You closely miss the wraith.
The wraith is heavily damaged.
You hit the boulder beetle.
The boulder beetle bites you but does no damage.
The wraith hits you!
You hit the wraith.
The wraith is severely damaged.
You hit the boulder beetle but do no damage.
The boulder beetle bites you but does no damage.
The wraith completely misses you.
You closely miss the wraith.
The wraith is heavily damaged.
You hit the boulder beetle but do no damage.
You block the boulder beetle's attack. The wraith hits you but does no damage.
You hit the wraith but do no damage.
The wraith is heavily damaged.
You hit the boulder beetle but do no damage.
The boulder beetle bites you but does no damage.
You block the wraith's attack.
You slash the wraith!
The wraith is almost destroyed.
You slash the boulder beetle! You block the boulder beetle's attack.
The wraith hits you but does no damage.
You hit the wraith.
You destroy the wraith!
Makhleb accepts your kill.
You feel better.
You hit the boulder beetle but do no damage.
You block the boulder beetle's attack.
You hit the boulder beetle but do no damage.
The boulder beetle is lightly wounded.
The boulder beetle bites you!
You slash the boulder beetle!
The boulder beetle is moderately wounded.
The boulder beetle bites you!
The boulder beetle bites you but does no damage.
You slash the boulder beetle!
The boulder beetle is moderately wounded.
The boulder beetle bites you!
You hit the boulder beetle.
The boulder beetle is heavily wounded.
The boulder beetle completely misses you.
You hit the boulder beetle.
The boulder beetle is heavily wounded.
You block the boulder beetle's attack.
Are you sure you want to abandon this character and quit the game? (Confirm with "yes".)

, ,, ,, , , , ,
.............., , ,,
................ ,, , ,
................ , * ,
, ................, ,,
, , ,..........#.....,
* , ..............># *
, ,,,
.......†.......### , ,
.......@.....#...#* * *
* , ........B........#
*,, .................#
,* ...^.............#
#####............# ,
***####............## ,
.................# . ,,
.................#####.
, ,
.......................


You could see a boulder beetle.

Vanquished Creatures
  A boulder beetle (D:11)
  A two-headed ogre (D:10)
  Erica (D:8)
  An unseen horror (D:11)
  A gargoyle (D:10)
  A komodo dragon (D:10)
  A hornet (D:11)
  2 trolls (D:11)
  3 wraiths
  A shadow (D:11)
  An acid dragon (D:11)
  A soldier ant (D:11)
  2 water moccasins
  3 ice beasts (D:10)
  A black bear (D:8)
  A hornet zombie (D:10)
  3 orc warriors
  2 necrophages
  2 sky beasts
  4 centaurs
  3 ogres
  A big kobold (D:7)
  5 bullfrogs
  A scorpion (D:8)
  3 killer bees (D:8)
  7 wights
  4 howler monkeys
  A crimson imp (D:9)
  2 bullfrog zombies
  7 hounds
  2 jellies
  2 orc priests (D:6)
  6 orc wizards
  2 bullfrog skeletons
  3 iguanas
  Terence (D:2)
  9 worker ants
  4 hound skeletons
  A howler monkey zombie (D:6)
  A worker ant zombie (D:8)
  A howler monkey skeleton (D:6)
  4 gnolls (D:5)
  6 adders
  3 shadow imps
  2 white imps
  2 adder skeletons
  2 worms (D:2)
  A dart slug (D:3)
  4 leopard geckos
  24 orcs
  2 giant cockroaches
  5 goblins
  6 hobgoblins
  8 kobolds
  7 quokkas
  4 bats
  2 frilled lizards (D:2)
  A leopard gecko skeleton (D:8)
  A leopard gecko zombie (D:6)
  3 rats
186 creatures vanquished.

Vanquished Creatures (others)
  5 plants (D:10)
  9 toadstools (D:7)
14 creatures vanquished.

Grand Total: 200 creatures vanquished

Notes
Turn   | Place    | Note
-------+----------+-------------------------------------------
     0 | D:1      | EnegeticOcto the Deep Dwarf Fighter began the quest for the
                  | Orb.
     0 | D:1      | Reached XP level 1. HP: 20/20 MP: 1/1
   211 | D:2      | Reached XP level 2. HP: 27/27 MP: 2/2
   264 | D:2      | Noticed Terence
   279 | D:2      | Killed Terence
   280 | D:2      | Reached skill level 3 in Axes
   280 | D:2      | Reached XP level 3. HP: 25/34 MP: 3/3
   387 | D:4      | Reached XP level 4. HP: 27/42 MP: 4/4
   513 | D:4      | Found a radiant altar of Vehumet.
   608 | D:4      | Reached skill level 4 in Axes
   608 | D:4      | Reached XP level 5. HP: 26/49 MP: 5/5
   952 | D:5      | Entered Level 5 of the Dungeon
  1097 | D:5      | Found a shimmering altar of Xom.
  1168 | D:5      | Reached XP level 6. HP: 27/56 MP: 5/5
  1177 | D:5      | Found Weufuske's Antique Armour Boutique.
  1426 | D:6      | Noticed an orc warrior
  1449 | D:5      | Killed an orc warrior
  1450 | D:5      | Reached skill level 5 in Axes
  1479 | D:6      | Noticed a sky beast
  1500 | D:6      | Killed a sky beast
  1501 | D:6      | Reached XP level 7. HP: 40/64 MP: 4/4
  1562 | D:6      | Reached skill level 5 in Armour
  1562 | D:6      | Reached skill level 5 in Shields
  1584 | D:6      | Found a staircase to the Ecumenical Temple.
  1591 | Temple   | Entered the Ecumenical Temple
  2175 | D:2      | Reached skill level 6 in Axes
  2400 | D:3      | Found a snail-covered altar of Cheibriados.
  2411 | D:3      | Found a sparkling altar of Nemelex Xobeh.
  2639 | D:3      | Found a glowing golden altar of the Shining One.
  2959 | D:6      | Found a sacrificial altar of Ru.
  3003 | D:6      | Reached XP level 8. HP: 47/73 MP: 5/5
  3036 | D:6      | Found an iron altar of Okawaru.
  3140 | D:6      | Reached skill level 7 in Axes
  3494 | D:7      | Reached skill level 5 in Fighting
  3664 | D:7      | Found an ornate altar of the Wu Jian Council.
  3734 | D:7      | Found Zuod's Jewellery Shop.
  3863 | D:7      | Identified the Tome of Morality
  4319 | D:5      | Bought a pair of runed boots for 172 gold pieces
  4394 | D:8      | Reached skill level 8 in Axes
  4652 | D:8      | Noticed Erica
  4668 | D:8      | Killed Erica
  4669 | D:8      | Reached skill level 9 in Axes
  4669 | D:8      | Gained mutation: You passively map the area around you.
                  | [Deep Dwarf growth]
  4669 | D:8      | Reached XP level 9. HP: 54/82 MP: 6/6
  4868 | D:8      | Identified the ring "Dafoenum" {rN+ Str+3 Dex-5}
  5413 | D:8      | Found a burning altar of Makhleb.
  5430 | D:8      | Became a worshipper of Makhleb the Destroyer
  5677 | D:9      | Reached skill level 1 in Invocations
  6666 | D:10     | Entered Level 10 of the Dungeon
  6762 | D:10     | Reached skill level 10 in Axes
  6798 | D:10     | Noticed a two-headed ogre
  6815 | D:10     | Killed a two-headed ogre
  6816 | D:10     | Reached XP level 10. HP: 64/92 MP: 7/9
  6832 | D:10     | Reached * piety under Makhleb
  7009 | D:10     | Noticed a gargoyle
  7030 | D:10     | Killed a gargoyle
  7031 | D:10     | Reached skill level 5 in Invocations
  7219 | D:10     | Found a staircase to the Lair.
  7447 | D:11     | Noticed an unseen horror
  7469 | D:11     | Paralysed by a hornet for 1 turns
  7481 | D:11     | Paralysed by a hornet for 2 turns
  7496 | D:11     | Killed an unseen horror
  7497 | D:11     | Reached skill level 11 in Axes
  7501 | D:11     | Noticed an ice statue
  7533 | D:11     | Noticed a boulder beetle
  7584 | D:11     | Killed a boulder beetle
  7585 | D:11     | Reached XP level 11. HP: 82/100 MP: 5/5
  7585 | D:11     | Reached ** piety under Makhleb
  7618 | D:11     | Noticed a boulder beetle
  7644 | D:11     | Quit the game

Illustrated notes

Levels and vault maps discovered:
D:1:      heliophobic_arrival_ceremonial_halls, layout_basic, st_stairs_6
D:2:      layout_basic, uniq_terence
D:3:      layout_loops_ring, lemuel_crystal_altar, kennysheep_slug_shrine,
          nicolae_tso_swordbearing_angel
D:4:      layout_gridville, vehumet_altar_wand_db
D:5:      layout_basic, old_standard_altar, serial_shops, shop,
          hangedman_abyss_or_decor_jellyfish_corner
D:6:      layout_cave_pools, nicolae_overflow_crystal_walls, temple_green,
          basic_altar, chequers_jeans, minivault_11
D:7:      cheibrodos_fertilizer, layout_layer_cave, nzn_wu_jian_contemplation,
          serial_shops, nicolae_shop_waterfront
D:8:      layout_layer_cave, makhleb_blood_cavern_becter, uniq_erica
D:9:      layout_loops_ring, serial_rivers, chequers_serial_rivers_small_a,
          chequers_serial_rivers_room_a, chequers_serial_rivers_large_a,
          chequers_serial_rivers_large_b, chequers_serial_rivers_micro_e,
          minmay_fire_ice_demons
D:10:     wad_arrow_thing, layout_cave_pools, david_lair_shrubbed
D:11:     cheibrodos_frozen_isle, layout_cross
Temple:   minmay_temple_curvy_branch

Skill      XL: |  1  2  3  4  5  6  7  8  9 10 |
---------------+-------------------------------+-----
Fighting       | 3 4 5 6 7 |  7.2
Axes           | 3 4 5 6 9 10 11 | 11.3
Armour         | 4 5 7 8 |  8.7
Shields        | 4 5 7 8 |  8.6
Invocations    | 4 7 |  7.7

Action                   |  1- 3 |  4- 6 |  7- 9 | 10-12 || total
-------------------------+-------+-------+-------+-------++-------
Melee: War axe           |    54 |   124 |   487 |   286 ||   951
 Abil: Heal Wounds       |       |     7 |     8 |    17 ||    32
Evoke: Wand              |       |       |       |     6 ||     6
  Use: Scroll            |       |     8 |    14 |     4 ||    26
 Stab: Paralysed         |       |       |       |     9 ||     9
Armor: Scale mail        |    28 |    47 |       |       ||    75
       Plate armour      |       |    31 |   289 |   176 ||   496
Dodge: Dodged            |    20 |    28 |    69 |    25 ||   142
Block: Kite shield       |    24 |    73 |   123 |       ||   220
       Tower shield      |       |       |   244 |   272 ||   516
